Selects Italian Combined Arms Battlegroup
Selects Italian Combined Arms Battlegroup
Selects Bersaglieri Squad
Construct Light Support Kompanie
Selects Bersaglieri Bolster
le.IG 18 Mechanized Group
Selects Breda Model 30 Light Machine Guns
Construct Panzerarmee Kommand
Flak 36 Anti-tank Gun Team
le.IG 18 Mechanized Group
Selects Semovente da 75/18 Assault Gun
Walking Stuka Rocket Launcher
Walking Stuka Rocket Launcher